 Dungeon Crawl Stone Soup version 0.31.0-11-ge490571c62 (webtiles) character file.

Game seed: 2836632424442864334

177 Runner the Vexing (level 5, -3/41 HPs)
             Began as a Gnoll Hexslinger on Jan 26, 2024.
             Was a Follower of the Shining One.
             Slain by a scorpion (4 damage)
             ... on level 3 of the Dungeon.
             The game lasted 00:21:37 (2695 turns).

Runner the Vexing (Gnoll Hexslinger)                Turns: 2695, Time: 00:21:42

Health: -3/41      AC:  2    Str:  9    XL:     5   Next: 57%
Magic:  9/9        EV: 14    Int: 13    God:    the Shining One [*.....]
Gold:   132        SH:  0    Dex: 14    Spells: 10/10 levels left

rFire   . . .        f - +0 hand axe (flame)
rCold   . . .        (no shield)
rNeg    . . .        c - +0 robe
rPois   .            (no helmet)
rElec   .            (no cloak)
rCorr   .            (no gloves)
SInv    .            (no boots)
Will    .....        (no amulet)
Stlth   +            (no ring)
HPRegen 0.26/turn    (no ring)
MPRegen 0.11/turn

%: no passive effects
@: hasted, glowing, very quick
A: fangs 1, strong nose, distributed training
a: Renounce Religion, Divine Shield


You were on level 3 of the Dungeon.
You worshipped the Shining One.
The Shining One was aware of your devotion.
You visited 1 branch of the dungeon, and saw 4 of its levels.

You collected 132 gold pieces.

Inventory:

Hand Weapons
 a - a +1 sling
 d - a +0 short sword
 f - a +0 hand axe of flaming (weapon)
 g - a +0 dagger
 h - a +0 club
 o - a +0 dagger
 t - a +2 short sword of speed
Missiles
 p - 25 stones
Armour
 c - a +0 robe (worn)
 m - a +0 plate armour
 n - a +0 leather armour
 s - a +0 ring mail
 x - a +0 pair of gloves
 y - a +0 pair of boots
Talismans
 j - a beast talisman
 v - a serpent talisman
Wands
 r - a wand of charming (15)
Scrolls
 b - a scroll of poison
 e - 6 scrolls of identify {unknown}
 k - 2 scrolls of amnesia {unknown}
 l - 2 scrolls of fog {unknown}
 q - a scroll of teleportation {unknown}
 u - 2 scrolls of brand weapon {unknown}
 w - a scroll of enchant weapon {unknown}
Potions
 i - 3 potions of haste
 z - a potion of mutation {unknown}


   Skills:
 + Level 3.0 Fighting
 + Level 1.6 Short Blades
 + Level 1.6 Long Blades
 + Level 1.6 Axes
 + Level 1.6 Maces & Flails
 + Level 1.6 Polearms
 + Level 1.6 Staves
 + Level 4.8 Ranged Weapons
 + Level 1.6 Throwing
 + Level 1.6 Armour
 + Level 4.8 Dodging
 + Level 1.6 Stealth
 + Level 1.6 Shields
 + Level 1.6 Unarmed Combat
 + Level 3.2 Spellcasting
 + Level 1.3 Conjurations
 + Level 5.6 Hexes
 + Level 1.3 Summonings
 + Level 1.3 Necromancy
 + Level 1.3 Translocations
 + Level 2.4 Fire Magic
 + Level 1.3 Ice Magic
 + Level 1.3 Air Magic
 + Level 1.3 Earth Magic
 + Level 1.3 Alchemy
 + Level 1.8 Invocations
 + Level 1.6 Evocations
 + Level 1.4 Shapeshifting


You had 10 spell levels left.
You didn't know any spells.
Your spell library contained the following spells:

 Spells                   Type           Power      Damage    Failure   Level
 Jinxbite                 Hex            32%        N/A       3%          2
 Sigil of Binding         Hex            16%        N/A       7%          3
 Inner Flame              Hex/Fire       12%        N/A       13%         3
 Lesser Beckoning         Tloc           10%        N/A       21%         2
 Cause Fear               Hex            8%         N/A       22%         4
 Gell's Gravitas          Tloc           5%         N/A       36%         3
 Teleport Other           Tloc           5%         N/A       36%         3
 Dimensional Bullseye     Hex/Tloc       5%         N/A       47%         4


Dungeon Overview and Level Annotations

Branches:
Dungeon (4/15)
 Temple: D:4-7

Altars:
Ru
The Shining One

Shops:
D:2 !


Innate Abilities, Weirdness & Mutations

You have very sharp teeth.
Your uncanny sense of smell can sniff out nearby items.
Your experience applies equally to all skills.


Message History

You feel sick. The scorpion completely misses you. The scorpion misses you.
You hit the scorpion but do no damage.
The scorpion is moderately wounded.
You feel sick. The scorpion closely misses you.
You hit the scorpion but do no damage.
The scorpion is moderately wounded.
You feel sick. The scorpion closely misses you.
You hit the scorpion. You burn the scorpion.
The scorpion is heavily wounded.
You feel sick.
You are no longer poisoned.
The scorpion stings you. x2
* * * LOW HITPOINT WARNING * * *
You are poisoned.
The scorpion poisons you!
You hit the scorpion. You burn the scorpion. Your bite misses the scorpion.
The scorpion is severely wounded.
* * * LOW HITPOINT WARNING * * *
You feel very sick. The scorpion closely misses you.
You feel sick.
There is a stone staircase leading up here.
* * * LOW HITPOINT WARNING * * *
You feel sick. The scorpion barely misses you. The scorpion misses you.
You climb upwards.
You feel sick.
There is a stone staircase leading down here.
You hit the scorpion. You burn the scorpion.
The scorpion is almost dead.
You feel sick. The scorpion stings you.
* * * LOW HITPOINT WARNING * * *
It was a potion of haste.
You feel yourself speed up.
* * * LOW HITPOINT WARNING * * *
You feel sick. The scorpion completely misses you.
You barely miss the scorpion.
The scorpion is almost dead.
* * * LOW HITPOINT WARNING * * *
You feel sick.
You are no longer poisoned.
The scorpion stings you.
You die...

..##..#............##
#####.#.#8###8###8## .#
#.#.############
.####'#####........##
....................#
)...................#
..........[.<.......###
..........)...........#
...............s@..##.#
#.....................#
#...................###
#...................#
#................####
#................#
......#####......#
......#####......#
..........#......#


You could see a scorpion.

Vanquished Creatures
  A bombardier beetle (D:3)
  Natasha (thrice) (D:2)
  2 adders
  A dart slug (D:1)
  A ribbon worm (D:3)
  2 orcs (D:3)
  6 endoplasms
  2 giant cockroaches
  3 hobgoblins (D:1)
  3 jackals (D:4)
  3 kobolds
  2 quokkas
  4 ball pythons
  2 bats
  10 goblins
  4 rats
49 creatures vanquished.

Notes
Turn   | Place    | Note
-------+----------+-------------------------------------------
     0 | D:1      | Runner the Gnoll Hexslinger began the quest for the Orb.
     0 | D:1      | Reached XP level 1. HP: 17/17 MP: 4/4
   196 | D:1      | Reached XP level 2. HP: 23/23 MP: 5/5
   933 | D:2      | Found Pebym's Distillery.
   936 | D:2      | Noticed Natasha
   948 | D:2      | Killed Natasha
   949 | D:2      | Reached skill level 1 in Short Blades
   949 | D:2      | Reached skill level 1 in Long Blades
   949 | D:2      | Reached skill level 1 in Axes
   949 | D:2      | Reached skill level 1 in Maces & Flails
   949 | D:2      | Reached skill level 1 in Polearms
   949 | D:2      | Reached skill level 1 in Staves
   949 | D:2      | Reached skill level 1 in Throwing
   949 | D:2      | Reached skill level 1 in Armour
   949 | D:2      | Reached skill level 1 in Stealth
   949 | D:2      | Reached skill level 1 in Shields
   949 | D:2      | Reached skill level 1 in Unarmed Combat
   949 | D:2      | Reached skill level 1 in Invocations
   949 | D:2      | Reached skill level 1 in Evocations
   949 | D:2      | Reached XP level 3. HP: 14/28 MP: 7/7
  1138 | D:2      | Noticed Natasha
  1155 | D:2      | Killed Natasha
  1156 | D:2      | Reached skill level 1 in Conjurations
  1156 | D:2      | Reached skill level 1 in Summonings
  1156 | D:2      | Reached skill level 1 in Necromancy
  1156 | D:2      | Reached skill level 1 in Translocations
  1156 | D:2      | Reached skill level 1 in Ice Magic
  1156 | D:2      | Reached skill level 1 in Air Magic
  1156 | D:2      | Reached skill level 1 in Earth Magic
  1156 | D:2      | Reached skill level 1 in Alchemy
  1156 | D:2      | Reached skill level 1 in Shapeshifting
  1156 | D:2      | Reached XP level 4. HP: 2/34 MP: 8/8
  1288 | D:2      | Found a faded altar of an unknown god.
  1290 | D:2      | Prayed at the altar of an unknown god.
  1290 | D:2      | Became a worshipper of the Shining One
  1290 | D:2      | Reached * piety under the Shining One
  1357 | D:2      | Noticed Natasha
  1372 | D:2      | Killed Natasha
  2082 | D:3      | Reached XP level 5. HP: 40/40 MP: 9/9
  2611 | D:3      | Found a sacrificial altar of Ru.
  2694 | D:3      | HP: 2/41 [poisoned by a scorpion]
  2695 | D:3      | Slain by a scorpion

Illustrated notes

Levels and vault maps discovered:
D:1:      tarquinn_simple_flora_water_c, layout_basic,
          chequers_serial_rivers_micro_d
D:2:      layout_basic, dreamdust_ecumenical_altar_grove, serial_shops,
          nicolae_shop_industrial_runoff, uniq_natasha
D:3:      layout_basic, nicolae_ru_path_of_blood, serial_corexii_hall,
          corexii_hall_statues_l, corexii_hall_statues_i, minmay_pentangle
D:4:      layout_rooms, mainiacjoe_overflow_tiny_flanked,
          cheibrodos_sewer_entry_drain

Skill      XL: |  1  2  3  4  5 |
---------------+----------------+-----
Fire Magic     | 2 |  2.4
Short Blades   | 1 |  1.6
Long Blades    | 1 |  1.6
Axes           | 1 |  1.6
Maces & Flails | 1 |  1.6
Polearms       | 1 |  1.6
Staves         | 1 |  1.6
Throwing       | 1 |  1.6
Armour         | 1 |  1.6
Stealth        | 1 |  1.6
Shields        | 1 |  1.6
Unarmed Combat | 1 |  1.6
Invocations    | 1 |  1.8
Evocations     | 1 |  1.6
Spellcasting   | 3 |  3.2
Conjurations   | 1 |  1.3
Summonings     | 1 |  1.3
Necromancy     | 1 |  1.3
Translocations | 1 |  1.3
Ice Magic      | 1 |  1.3
Air Magic      | 1 |  1.3
Earth Magic    | 1 |  1.3
Alchemy        | 1 |  1.3
Shapeshifting  | 1 |  1.4
Fighting       | 3 |  3.0
Ranged Weapons | |  4.8
Dodging        | |  4.8
Hexes          | |  5.6

Action                     |  1- 3 |  4- 6 || total
---------------------------+-------+-------++-------
  Melee: Hand axe          |       |    94 ||    94
         Bite              |       |    10 ||    10
         Punch             |       |     4 ||     4
   Fire: Sling             |    72 |     1 ||    73
    Use: Potion            |       |     1 ||     1
 Armour: Robe              |    19 |    36 ||    55
  Dodge: Dodged            |    22 |    79 ||   101
